 Dungeon Crawl Stone Soup version 0.26.1-11-gd32895ea62 (webtiles) character file.

Game seed: 10088331954368280681

24 ABBCCCDDDD the Conjurer (level 3, 0/19 HPs)
             Began as a Kobold Conjurer on July 7, 2021.
             Slain by a hobgoblin
             ... wielding a +0 club
              (1 damage)
             ... on level 3 of the Dungeon.
             The game lasted 00:06:23 (1416 turns).

ABBCCCDDDD the Conjurer (Kobold Conjurer)           Turns: 1416, Time: 00:06:23

Health: 0/19       AC:  2    Str:  5    XL:     3   Next: 15%
Magic:  6/6        EV: 15    Int: 19    God:
Gold:   21         SH:  0    Dex: 13    Spells: 6/7 levels left

rFire    + . .     SeeInvis .   d - +0 dagger
rCold    x . .     Faith    .   (shield restricted)
rNeg     . . .     Spirit   .   a - +0 robe
rPois    .         Reflect  .   (no helmet)
rElec    .         Harm     .   (no cloak)
rCorr    .         Rampage  .   (no gloves)
Will     .....                  (no boots)
Stlth    +++.......             (no amulet)
HPRegen  0.06/turn              f - ring of fire
MPRegen  0.10/turn              (no ring)

@: no status effects
A: small, nightstalker 3
a: no special abilities


You were on level 3 of the Dungeon.
You visited 1 branch of the dungeon, and saw 3 of its levels.

You collected 21 gold pieces.

Inventory:

Hand Weapons
 d - a +0 dagger (weapon)
 k - a +0 mace
Missiles
 c - 58 stones (quivered)
Armour
 a - a +0 robe (worn)
Jewellery
 f - a ring of fire (left hand)
Scrolls
 e - a scroll of fear {unknown}
 h - a scroll of immolation {unknown}
 i - a scroll of enchant weapon {unknown}
 j - a scroll of teleportation {unknown}
 l - a scroll of enchant armour {unknown}
 m - a scroll of identify {unknown}
Potions
 b - a potion of magic
 g - 2 potions of degeneration {unknown}


   Skills:
 - Level 2.4 Dodging
 * Level 3.9 Stealth
 + Level 2.5 Spellcasting
 + Level 4.2 Conjurations


You had 6 spell levels left.
You knew the following spells:

 Your Spells              Type           Power        Failure   Level
a - Magic Dart            Conj           72%          2%          1

Your spell library contained the following spells:

 Spells                   Type           Power        Failure   Level
 Searing Ray              Conj           36%          4%          2
 Dazzling Flash           Conj/Hex       20%          21%         3
 Fulminant Prism          Conj/Hex       5%           54%         4
 Iskenderun's Mystic Bla  Conj/Tloc      10%          54%         4


Dungeon Overview and Level Annotations

Branches:
Dungeon (3/15)

Altars:

Annotations:
D:1 exclusion: downstairs, Terence
D:2 Jessica
D:3 Sigmund


Innate Abilities, Weirdness & Mutations

You are small and have problems with some larger weapons.
You are completely attuned to the shadows.


Message History

Found a scroll labelled AMEVAVOULOP.
A rat comes into view.
Found a falchion and a scroll labelled NEARCH PIPSYL.
Found a robe.
A worm comes into view.
Found 10 gold pieces.
Found a pair of boots.
A hobgoblin comes into view. It is wielding a +0 club.
An orc and an orc priest come into view.
The orc priest shouts!
You hear a shout!
The hobgoblin shouts!
You hear a shout!
An orc comes into view. It is wielding a +0 trident.
The hobgoblin closely misses you.
The orc priest mumbles some strange prayers to Beogh against you.
Beogh smites you!
* * * LOW HITPOINT WARNING * * *
An orc comes into view. It is wielding a +0 short sword.
It was a potion of magic.
Magic courses through your body. The hobgoblin hits you with a +0 club.
You die...

#......g...#
#..........#
##.........#
w..#.....##
##[..g.....
###.......
##.o$....
#........
#..@.[...
#...g....
#...o..o.
.....o....
.##...o..


You could see an orc priest, 4 orcs and 2 hobgoblins.

Vanquished Creatures
  A dart slug (D:1)
  A leopard gecko (D:1)
  A giant cockroach (D:1)
  2 goblins
  5 hobgoblins
  A ball python (D:1)
  3 bats
  3 kobolds
  4 rats
21 creatures vanquished.

Notes
Turn   | Place    | Note
-------+----------+-------------------------------------------
     0 | D:1      | ABBCCCDDDD the Kobold Conjurer began the quest for the Orb.
     0 | D:1      | Reached XP level 1. HP: 10/10 MP: 3/3
   256 | D:1      | Reached XP level 2. HP: 15/15 MP: 3/5
  1165 | D:1      | Reached XP level 3. HP: 17/19 MP: 1/6
  1279 | D:2      | Noticed Terence
  1360 | D:2      | Noticed Jessica
  1382 | D:3      | Noticed Sigmund
  1416 | D:3      | Slain by a hobgoblin

Illustrated notes

Levels and vault maps discovered:
D:1:      lightli_arrival_flooded_house, layout_rooms, moated_statue
D:2:      layout_rooms, uniq_crazy_yiuf_cottage, uniq_jessica, uniq_terence,
          uniq_robin
D:3:      layout_rooms, xom_redecorated, uniq_sigmund, uniq_ijyb

Skill      XL: |  1 |
---------------+----+-----
Stealth        | 3 |  3.9
Dodging        | |  2.4
Spellcasting   | |  2.5
Conjurations   | |  4.2

Action                   || total
-------------------------++-------
Melee: Dagger            ||     1
Throw: Stone             ||    13
 Cast: Magic Dart        ||    53
  Use: Potion            ||     1
 Stab: Sleeping          ||     1
Armor: Robe              ||     2
Dodge: Dodged            ||    13
